 Dungeon Crawl Stone Soup version 0.18-a0-1211-g828307d (webtiles) character file.

550707 Scytalen the Slayer (level 26, -4/450 HPs)
             Began as an Ogre Berserker on Feb 2, 2016.
             Was the Champion of Trog.
             Slain by a shard shrike (53 damage)
             ... on level 2 of the Realm of Zot.
             The game lasted 04:21:19 (60218 turns).

Scytalen the Slayer (Ogre Berserker)               Turns: 60218, Time: 04:21:19

Health: -4/450     AC: 28    Str: 35    XL:     26   Next: 30%
Magic:  9/9        EV: 22    Int:  6    God:    Trog [******]
Gold:   6310       SH:  0    Dex: 18    Spells: 0 memorised, 25 levels left

rFire  + + .     SeeInvis .     a - +9 giant spiked club (antimagic)
rCold  . . .     Gourm    .     m - +6 fire dragon armour
rNeg   . . .     Faith    .     (shield currently unavailable)
rPois  +         Spirit   .     O - +2 hat
rElec  .         Dismiss  .     o - +2 cloak
rCorr  .         Reflect  .     (gloves unavailable)
SustAt .         Harm     .     (boots unavailable)
MR     ++...                    I - amulet of regeneration
Stlth  ..........               j - ring of poison resistance
                                l - ring of protection from cold

@: berserking, very quick, very resistant to hostile enchantments, extremely
unstealthy
A: unfitting armour, antennae 1, fangs 1, agile 1, tough skin 1
a: Berserk, Trog's Hand, Brothers in Arms, Burn Spellbooks, Renounce Religion
}: 3/15 runes: decaying, abyssal, gossamer


You were on level 2 of the Realm of Zot.
You worshipped Trog.
Trog was exalted by your worship.
You were hungry.

You visited 8 branches of the dungeon, and saw 44 of its levels.
You visited the Abyss 1 time.
You also visited: Bailey, Ice Cave and Wizlab.

You collected 6771 gold pieces.
You spent 290 gold pieces at shops.

Inventory:

Hand Weapons
 a - a +9 antimagic giant spiked club (weapon)
 Z - the +5 blowgun of the Stoat {speed, +Fly rElec rC+ Int+3 Dex-5}
   (You found it on level 4 of the Depths)

   Attacks with this weapon are significantly faster.
   It affects your intelligence (+3).
   It affects your dexterity (-5).
   It protects you from cold.
   It insulates you from electricity.
   It lets you fly.
Missiles
 u - 17 javelins
 v - 17 curare-tipped needles
 U - 116 large rocks (quivered)
Armour
 m - a +6 fire dragon armour (worn)
 o - a +2 cloak (worn)
 O - a +2 hat (worn)
Jewellery
 j - a ring of poison resistance (right hand)
 l - a ring of protection from cold (left hand)
 I - an amulet of regeneration (around neck)
 L - the ring of Maofij {Ice rElec Str+5 Slay-2}
   (You found it in an ice cave)

   [ring of ice]

   It enhances your ice magic, and weakens your fire magic.
   It affects your strength (+5).
   It affects your accuracy and damage with ranged weapons and melee attacks
   (-2).
   It makes you vulnerable to fire.
   It protects you from cold.
   It insulates you from electricity.
Wands
 g - a wand of acid (5/15)
 k - a wand of teleportation (7/9)
 p - a wand of lightning (3/15)
 y - a wand of iceblast (9/15)
 B - a wand of disintegration (5/24)
 F - a wand of digging (18/24)
 N - a wand of hasting (4/9)
 P - a wand of disintegration (4/24)
Scrolls
 e - 7 scrolls of teleportation
 f - 22 scrolls of remove curse
 t - 11 scrolls of identify
 w - 5 scrolls of fear
 G - 4 scrolls of blinking
 J - 7 scrolls of fog
 T - 4 scrolls of magic mapping
 W - 2 scrolls of recharging
 X - 3 scrolls of holy word
Potions
 i - 4 potions of agility
 n - 19 potions of curing
 r - 2 potions of flight
 C - 2 potions of cancellation
 D - 3 potions of brilliance
 E - 2 potions of magic
 M - 3 potions of haste
 R - 5 potions of resistance
 S - 2 potions of heal wounds
 Y - 2 potions of might
Miscellaneous
 q - a phantom mirror
 s - a disc of storms
 z - a stone of tremors
 A - a plain deck of changes {drawn: 3}
 V - a fan of gales
Comestibles
 b - 8 chunks of flesh
 c - 20 bread rations
 d - 6 beef jerkies
 h - 2 royal jellies
 x - 8 meat rations
 H - a slice of pizza
 K - 37 fruits


   Skills:
 - Level 24.2 Fighting
 - Level 24.0 Maces & Flails
 + Level 12.1 Throwing
 - Level 20.6 Armour
 - Level 18.9 Dodging
 - Level 9.0 Evocations


You had 25 spell levels left.
You didn't know any spells.

Dungeon Overview and Level Annotations

Branches:
Dungeon (15/15)            Temple (0/1) D:7            Lair (8/8) D:10
  Swamp (4/4) Lair:5       Spider (4/4) Lair:6        Slime (0/6) Lair:8
    Orc (2/2) D:10            Elf (0/3) Orc:2        Vaults (4/5) D:13
  Crypt (0/3) Vaults:3     Depths (5/5) D:15            Zot (2/5) Depths:5

Altars:
Makhleb
Nemelex Xobeh
Pakellas
Qazlal
Sif Muna
Trog
Vehumet
Yredelemnul
Beogh

Shops:
Orc:1 ?   Orc:2 (([[   Vaults:2 ?

Portals:
Hell: Lair:8 Depths:1 Depths:2 Depths:3 Depths:4 Depths:5
Abyss: Depths:3 Depths:4
Pandemonium: Depths:2 Depths:3 Depths:5
Ziggurat: Depths:5
Trove: Depths:2 (give 8 potions of agility)

Annotations:
Swamp:1 Aizul
Depths:2 3 runed doors


Innate Abilities, Weirdness & Mutations

You are too large for most types of armour.
You have tough skin (AC +1).
You have a pair of small antennae on your head.
You have very sharp teeth.
You are agile. (Dex +2)


Message History

* * * LOW HITPOINT WARNING * * *
You now have 123/450 hp.
You feel a strong urge to attack something.
The shard shrike screeches!
The shard shrike claws you!
* * * LOW HITPOINT WARNING * * *
The shard shrike freezes you!!!
* * * LOW HITPOINT WARNING * * *
You take 68 damage, and have 55/450 hp.
You perforate the shard shrike like a sieve!!!
The shard shrike is heavily wounded.
You hear a shout!
The shard shrike spits a shard of ice at you.
The shard of ice misses you. The shard shrike barely misses you.
You flatten the shard shrike like a pancake!!!
The shard shrike is almost dead.
The shard shrike claws you!
* * * LOW HITPOINT WARNING * * *
The shard shrike freezes you!!!
You die...

#).§≈§§#...# #..≈≈§≈#...#
#..≈≈§§#...# #..≈≈§§#...#
#..≈§≈≈#...# #.≈≈§§≈#...#
#..≈§§≈#...#
#.≈≈≈≈≈#...##############
#..≈####@................
#..≈#..b......[..........
#..≈#.........).)........
#..≈#.....#########''''##
#?.≈#....^#≈≈≈≈§≈≈§§≈≈≈≈≈
#..≈#:[...#≈≈§≈≈§§≈§§≈≈≈≈
#.§§#######≈§≈§≈§§≈≈≈≈≈≈≈
#.§≈≈≈≈≈≈≈≈≈≈≈≈≈§§§≈§§≈≈≈
#.........≈...§.§≈..≈..≈.


You could see a shard shrike.

Vanquished Creatures
  An ancient lich (WizLab)
  An orb of fire (Zot:2)
  3 juggernauts
  An iron giant (Depths:4)
  Saint Roka (Orc:2)
  2 caustic shrikes
  Nikola (Spider:2)
  6 golden dragons
  A bone dragon (Abyss:3)
  Arachne (Spider:4)
  6 liches
  3 tentacled monstrosities
  4 titans (Depths:5)
  Asterion (Depths:1)
  An eldritch tentacle (Vaults:4)
  3 sphinxes
  2 tentacled starspawn (Abyss:3)
  5 shadow dragons
  Frances (Spider:1)
  Kirke (D:15)
  2 thorn hunters
  4 tengu reavers
  7 storm dragons
  Roxanne (D:14)
  A draconian monk (Depths:5)
  A draconian knight (Zot:1)
  24 frost giants
  8 fire giants
  2 deep elf sorcerers
  8 vault wardens
  An orc warlord (Orc:2)
  An iron dragon (Depths:5)
  6 ghost moths
  A juggernaut zombie (Depths:4)
  A draconian annihilator (Zot:1)
  The ghost of Voda the Bludgeoner, a journeyman MiBe of Trog (Lair:8)
  A balrug (Depths:1)
  3 emperor scorpions (Spider:4)
  A ghoul (Vaults:4)
  The ghost of stickyfingers the Spry, a journeyman DrAs of Nemelex Xobeh (Lair:8)
  18 ironheart preservers
  A caustic shrike skeleton (Depths:1)
  An angel (Abyss:3)
  10 very ugly things
  30 stone giants
  2 deep elf demonologists
  A salamander stormcaller (Vaults:2)
  5 vampire knights
  3 yellow draconians
  3 black draconians
  A green draconian (Zot:2)
  2 deep elf annihilators
  4 mottled draconians
  Azrael (D:12)
  A lorocyproca (Depths:2)
  22 spark wasps
  Snorg (D:10)
  A crystal guardian (Vaults:3)
  14 ettins
  Josephine (D:10)
  4 deep elf death magi
  11 vault guards
  2 merfolk javelineers (Depths:2)
  14 fire dragons
  15 ogre magi
  15 great orbs of eyes
  A merfolk impaler (Depths:1)
  Erolcha (D:8)
  17 ice dragons
  4 rakshasas
  21 yaktaur captains
  20 hydras
  13 entropy weavers
  A merfolk avatar (Abyss:3)
  4 spriggan air magi
  2 ghost crabs
  11 centaur warriors
  A deep troll shaman (Depths:3)
  A death knight (Vaults:4)
  11 alligators
  A dancing weapon (Orc:2)
  Erica (D:9)
  7 tengu warriors
  4 vampire magi
  A death yak (Lair:8)
  3 deep troll earth magi
  5 spriggan berserkers
  3 thrashing horrors (Abyss:3)
  A titan zombie (Depths:4)
  A hell hog (shapeshifter) (Depths:4)
  A storm dragon zombie (Depths:4)
  3 wretched stars (Abyss:3)
  7 spriggans
  7 deep elf knights
  3 sun demons
  Sonja (Orc:2)
  7 hell knights
  A spark wasp zombie (Depths:4)
  A fire crab (shapeshifter) (Depths:2)
  A spatial maelstrom (Abyss:3)
  2 fire crabs (Vaults:2)
  A storm dragon skeleton (Depths:4)
  4 flayed ghosts
  18 skeletal warriors
  A death drake (shapeshifter) (Depths:4)
  2 spriggan druids
  9 starcursed masses (Abyss:3)
  13 swamp dragons
  2 unseen horrors
  10 deep trolls
  An unseen horror (shapeshifter) (Vaults:2)
  5 shambling mangroves
  4 giant orange brains
  A putrid demonspawn (Depths:2)
  14 ironbrand convokers
  Pikel (D:6)
  A wolf spider zombie (D:15)
  7 deep elf archers
  A swamp dragon (shapeshifter) (Depths:3)
  10 necromancers
  A golden dragon skeleton (Depths:4)
  4 hill giants
  16 orc knights
  2 phantasmal warriors (Depths:3)
  17 orb spiders
  2 manticores (shapeshifter)
  6 wizards
  4 lindwurms (Lair:7)
  An iron dragon zombie (Depths:3)
  6 orc sorcerers
  A sphinx skeleton (Vaults:3)
  A hornet (shapeshifter) (Vaults:2)
  11 hornets
  46 ugly things
  A stone giant zombie (Depths:1)
  10 griffons
  66 slime creatures
  A frost giant zombie (Depths:4)
  35 wolf spiders
  8 cyclopes
  A cyclops (shapeshifter) (Vaults:3)
  3 manticores
  A tengu skeleton (Depths:3)
  17 deep elf magi
  A worldbinder (Abyss:3)
  3 sixfirhies
  4 frost giant skeletons
  5 black mambas
  12 elephants
  A salamander (shapeshifter) (Depths:2)
  11 moths of wrath
  A stone giant skeleton (Vaults:3)
  15 vault sentinels
  3 rust devils
  2 fire giant skeletons
  2 ice statues (IceCv)
  3 apocalypse crabs (Abyss:3)
  2 smoke demons (Abyss:3)
  2 orange demons
  Psyche (D:8)
  A torpor snail (shapeshifter) (Vaults:1)
  2 torpor snails
  A gargoyle (D:11)
  81 yaktaurs
  19 spiny frogs
  10 fire drakes
  6 komodo dragons
  An ice devil (Depths:2)
  2 komodo dragons (shapeshifter)
  A spark wasp simulacrum (Depths:4)
  A yaktaur skeleton (Vaults:3)
  15 demonic crawlers
  2 spriggan skeletons
  A hellwing (Lair:8)
  5 freezing wraiths
  4 tengu conjurers
  5 trolls
  32 jumping spiders
  6 ancient zymes (Abyss:3)
  5 giant leeches
  2 polar bears (Lair:8)
  A merfolk (shapeshifter) (Depths:3)
  9 bog bodies
  A sphinx simulacrum (Vaults:4)
  2 two-headed ogres (shapeshifter)
  25 two-headed ogres
  A wind drake (shapeshifter) (Depths:2)
  Prince Ribbit (D:9)
  A raiju (shapeshifter) (Vaults:4)
  A slime creature (shapeshifter) (Depths:5)
  8 boulder beetles
  A hornet zombie (D:14)
  14 raiju (Abyss:3)
  11 blink frogs
  2 harpy skeletons
  A deep troll zombie (D:15)
  A spriggan zombie (D:15)
  An iron dragon simulacrum (Depths:2)
  4 air elementals
  2 frost giant simulacra
  108 redbacks
  Sigmund (D:3)
  2 deep troll skeletons
  5 vampires
  42 tarantellas
  A tarantella (shapeshifter) (Vaults:2)
  9 wraiths
  6 shadows
  Grum (D:8)
  2 golden eyes (Abyss:3)
  15 water elementals
  The ghost of George the Slasher, an amateur MiFi of the Shining One (D:4)
  54 yaks
  3 hill giant zombies (WizLab)
  5 basilisks
  A hog (shapeshifter) (Depths:5)
  2 humans (D:15)
  4 wyverns (Lair:5)
  35 vampire mosquitoes
  A fire bat (Abyss:3)
  2 fire elementals (D:12)
  A chaos spawn (Abyss:3)
  3 hungry ghosts
  A hog (D:15)
  11 hippogriffs
  Menkaure (D:7)
  2 mottled dragons
  A yaktaur simulacrum (Vaults:4)
  20 swamp worms
  8 wargs
  11 wolves
  A spatial vortex (Abyss:3)
  8 insubstantial wisps
  6 large abominations (Abyss:3)
  A tengu zombie (D:15)
  6 hell hounds
  9 porcupines
  48 orc warriors
  10 water moccasins
  3 human skeletons
  12 swamp drakes
  4 slaves (D:6)
  A black bear (shapeshifter) (Vaults:1)
  6 sky beasts
  4 black bears
  An ettin simulacrum (Vaults:1)
  27 ice beasts
  2 eyes of draining
  A necrophage (D:5)
  A phantom (D:6)
  16 wasps
  45 ogres
  19 centaurs
  10 boggarts
  13 crocodiles
  7 small abominations (Abyss:3)
  2 big kobolds (D:13)
  A big kobold (shapeshifter) (Vaults:2)
  A giant frog (shapeshifter) (Depths:5)
  A wyvern zombie (D:10)
  22 giant frogs
  13 scorpions
  11 troll zombies (WizLab)
  A water moccasin skeleton (D:6)
  18 killer bees
  A human simulacrum (Vaults:4)
  7 wights
  2 elf simulacra
  An electric eel (Spider:3)
  4 crimson imps
  3 giant frog zombies
  3 hounds
  A jelly (shapeshifter) (Vaults:2)
  3 quasits
  A wasp zombie (D:7)
  5 centaur zombies
  3 jellies
  5 giant frog skeletons
  28 orc priests
  A gnoll shaman (Orc:2)
  4 centaur skeletons
  11 worker ants
  11 iguanas
  32 orc wizards
  13 sheep
  7 ogre zombies (WizLab)
  A hound skeleton (D:10)
  Robin (D:2)
  9 gnolls
  A worker ant zombie (D:11)
  4 adders
  70 river rats
  2 shadow imps
  An ooze (D:4)
  An adder skeleton (D:8)
  7 worms
  2 giant geckos
  99 orcs
  3 ball pythons
  4 bats
  7 giant cockroaches
  19 goblins
  4 hobgoblins
  15 jackals
  14 kobolds
  7 quokkas
  2 giant newts
  A quokka skeleton (D:7)
  A quokka zombie (D:6)
  8 rats
  2 fungi
  4 plants
2320 creatures vanquished.

Vanquished Creatures (collateral kills)
  Mennas (Depths:3)
  An iron giant (Depths:5)
  2 titans
  An ancient champion (WizLab)
  A frost giant (Vaults:4)
  A fire giant (Depths:5)
  4 vault wardens
  A very ugly thing (Depths:2)
  2 stone giants
  2 spark wasps
  An ettin (Depths:5)
  A vault guard (D:13)
  A yaktaur captain (Depths:2)
  2 hydras (Swamp:4)
  A death knight (Vaults:4)
  A tengu warrior (Depths:2)
  2 spriggan berserkers (Depths:3)
  5 skeletal warriors (WizLab)
  A flayed ghost (Vaults:4)
  2 swamp dragons (Swamp:2)
  An ironbrand convoker (Vaults:1)
  An orc knight (Vaults:1)
  A necromancer (Vaults:4)
  A wolf spider (Spider:4)
  A griffon (Vaults:4)
  A stone giant zombie (Vaults:4)
  4 slime creatures
  An ugly thing (Vaults:2)
  7 yaktaurs
  2 orange demons (Lair:8)
  2 red devils (Lair:8)
  A yaktaur skeleton (Vaults:4)
  A freezing wraith (Vaults:4)
  A jumping spider (Depths:1)
  A wyvern (Lair:5)
  A spriggan (Swamp:1)
  A basilisk (Lair:5)
  A swamp worm (Swamp:2)
  4 hell hounds (Lair:8)
  2 swamp drakes (Swamp:4)
  A black bear (shapeshifter) (D:13)
  3 orc warriors
  3 wasps (Swamp:1)
  4 orcs
79 creatures vanquished.

Vanquished Creatures (others)
  A tengu skeleton (Depths:3)
  A yaktaur (Vaults:2)
  An elf zombie (Depths:4)
  A redback (Depths:1)
  A human (D:15)
  A golden eye (shapeshifter) (Depths:4)
  4 eldritch tentacle segments (Vaults:4)
  9 fungi
  2 plants
  5 starspawn tentacles (Abyss:3)
  66 starspawn tentacle segments (Abyss:3)
  2 withered plants (D:15)
94 creatures vanquished.

Grand Total: 2493 creatures vanquished

Notes
Turn   | Place    | Note
--------------------------------------------------------------
     0 | D:1      | Scytalen the Ogre Berserker began the quest for the Orb.
     0 | D:1      | Reached XP level 1. HP: 24/24 MP: 1/1
   173 | D:1      | Reached XP level 2. HP: 28/32 MP: 2/2
   346 | D:1      | Reached skill level 5 in Maces & Flails
   855 | D:2      | Reached XP level 3. HP: 39/39 MP: 3/3
   949 | D:2      | Noticed Robin
   957 | D:2      | Reached ** piety under Trog
   974 | D:2      | Reached skill level 6 in Maces & Flails
   994 | D:2      | Killed Robin
   994 | D:2      | Reached XP level 4. HP: 20/48 MP: 4/4
  1948 | D:3      | Noticed Sigmund
  1958 | D:3      | Killed Sigmund
  1958 | D:3      | Reached skill level 8 in Maces & Flails
  1958 | D:3      | Reached XP level 5. HP: 31/54 MP: 5/5
  1958 | D:3      | Reached XP level 6. HP: 35/62 MP: 6/6
  2463 | D:4      | Reached *** piety under Trog
  2492 | D:4      | Reached skill level 9 in Maces & Flails
  3393 | D:4      | Noticed George's ghost (amateur MiFi)
  3408 | D:4      | Killed George's ghost
  3408 | D:4      | Reached skill level 10 in Maces & Flails
  3408 | D:4      | Reached XP level 7. HP: 70/70 MP: 7/7
  3488 | D:5      | Entered Level 5 of the Dungeon
  3633 | D:5      | Reached skill level 11 in Maces & Flails
  4200 | D:6      | Reached skill level 12 in Maces & Flails
  4200 | D:6      | Reached XP level 8. HP: 53/78 MP: 8/8
  4309 | D:6      | Found a basalt altar of Yredelemnul.
  4741 | D:6      | Received a gift from Trog
  4967 | D:6      | Reached skill level 13 in Maces & Flails
  5119 | D:6      | Noticed Pikel
  5125 | D:6      | Killed Pikel
  5125 | D:6      | Reached skill level 14 in Maces & Flails
  5125 | D:6      | Reached XP level 9. HP: 84/84 MP: 9/9
  5234 | D:7      | Reached skill level 1 in Throwing
  5360 | D:7      | Reached **** piety under Trog
  5712 | D:7      | Found a staircase to the Ecumenical Temple.
  5817 | D:7      | Noticed Menkaure
  5821 | D:7      | Killed Menkaure
  5821 | D:7      | Reached skill level 5 in Fighting
  5878 | D:7      | Received a gift from Trog
  6386 | D:8      | Noticed Psyche
  6396 | D:8      | Killed Psyche
  6505 | D:8      | Noticed Erolcha
  6526 | D:8      | Killed Erolcha
  6526 | D:8      | Reached skill level 5 in Throwing
  6526 | D:8      | Reached XP level 10. HP: 107/107 MP: 10/10
  6639 | D:8      | Noticed Grum
  6681 | D:8      | Reached skill level 15 in Maces & Flails
  6702 | D:8      | Killed Grum
  7049 | D:9      | Reached skill level 16 in Maces & Flails
  7232 | D:9      | Noticed Prince Ribbit
  7254 | D:9      | Killed Prince Ribbit
  7374 | D:9      | Reached ***** piety under Trog
  7428 | D:9      | Gained mutation: You are agile. (Dex +2) [mutagenic meat]
  7429 | D:9      | Gained mutation: You have very sharp teeth. [mutagenic meat]
  7572 | D:9      | Noticed Erica
  7592 | D:9      | Killed Erica
  7592 | D:9      | Reached skill level 17 in Maces & Flails
  7592 | D:9      | Reached XP level 11. HP: 97/115 MP: 11/11
  8069 | D:10     | Entered Level 10 of the Dungeon
  8195 | D:10     | Noticed Snorg
  8209 | D:10     | Killed Snorg
  8495 | D:10     | Found a staircase to the Orcish Mines.
  8506 | D:10     | Reached skill level 18 in Maces & Flails
  8906 | D:10     | Received a gift from Trog
  8916 | D:10     | Noticed Josephine
  8925 | D:10     | Killed Josephine
  8954 | D:10     | Found a staircase to the Lair.
  9086 | D:10     | Reached skill level 10 in Fighting
  9200 | D:10     | Received a gift from Trog
  9949 | D:11     | Reached XP level 12. HP: 108/130 MP: 12/12
 10607 | D:12     | Noticed Azrael
 10629 | D:12     | Killed Azrael
 10629 | D:12     | Reached skill level 10 in Throwing
 11357 | D:12     | Reached skill level 5 in Dodging
 11758 | D:12     | Reached XP level 13. HP: 140/140 MP: 13/13
 12093 | Lair:1   | Entered Level 1 of the Lair of Beasts
 12416 | Lair:1   | Reached ****** piety under Trog
 12416 | Lair:1   | Received a gift from Trog
 12999 | Lair:2   | You fall through a shaft!
 13196 | Lair:3   | Reached skill level 10 in Dodging
 13210 | Lair:3   | Received a gift from Trog
 13857 | Lair:3   | Received a gift from Trog
 15150 | Lair:4   | Reached skill level 1 in Evocations
 15315 | Lair:5   | Found a staircase to the Swamp.
 15827 | Lair:5   | Reached skill level 5 in Evocations
 16050 | Lair:6   | Received a gift from Trog
 16145 | Lair:6   | Found a hole to the Spider Nest.
 16165 | Lair:6   | Received a gift from Trog
 16165 | Lair:6   | Reached XP level 14. HP: 141/149 MP: 18/18
 16927 | Lair:7   | Received a gift from Trog
 17233 | Lair:7   | Received a gift from Trog
 17821 | Lair:8   | Entered Level 8 of the Lair of Beasts
 17834 | Lair:8   | Received a gift from Trog
 17866 | Lair:8   | Found a staircase to the Slime Pits.
 18349 | Lair:8   | Noticed stickyfingers's ghost (journeyman DrAs)
 18363 | Lair:8   | Killed stickyfingers's ghost
 18533 | Lair:8   | Noticed Voda's ghost (journeyman MiBe)
 18553 | Lair:8   | Killed Voda's ghost
 18819 | Lair:8   | Reached XP level 15. HP: 141/161 MP: 21/21
 18865 | Lair:8   | Received a gift from Trog
 18886 | Lair:8   | Found a burning altar of Makhleb.
 18917 | Lair:8   | Found a gateway to Hell.
 19324 | Orc:1    | Entered Level 1 of the Orcish Mines
 19354 | Orc:1    | Found a flagged portal.
 19372 | Bailey   | Entered a bailey
 19631 | Orc:1    | Found Suighihi's Magic Scroll Emporium.
 19645 | Orc:1    | Bought a scroll of identify for 28 gold pieces
 19645 | Orc:1    | Bought a scroll of blinking for 105 gold pieces
 19763 | Orc:1    | Found a radiant altar of Vehumet.
 19920 | Orc:1    | Found a deep blue altar of Sif Muna.
 20127 | Orc:1    | Identified Sif Muna's Collected Works on Damage Dealing
 20150 | Orc:2    | Entered Level 2 of the Orcish Mines
 20191 | Orc:2    | Received a gift from Trog
 20200 | Orc:2    | Noticed an orc warlord
 20212 | Orc:2    | Killed an orc warlord
 20430 | Orc:2    | Found a staircase to the Elven Halls.
 20436 | Orc:2    | Noticed Sonja
 20451 | Orc:2    | Killed Sonja
 20454 | Orc:2    | Reached skill level 19 in Maces & Flails
 20607 | Orc:2    | Found a roughly hewn altar of Beogh.
 20785 | Orc:2    | Found a roughly hewn altar of Beogh.
 20802 | Orc:2    | Found Hoiraced's Armour Shop.
 20906 | Orc:2    | Found a roughly hewn altar of Beogh.
 20927 | Orc:2    | Found a roughly hewn altar of Beogh.
 21076 | Orc:2    | Received a gift from Trog
 21094 | Orc:2    | Noticed Saint Roka
 21188 | Orc:2    | Killed Saint Roka
 21281 | Orc:2    | Found Boomebut's Antique Armour Shop.
 21288 | Orc:2    | Found Keogyh's Antique Weapon Boutique.
 21289 | Orc:2    | Found a roughly hewn altar of Beogh.
 21307 | Orc:2    | Bought an embroidered robe for 26 gold pieces
 21307 | Orc:2    | Bought a glowing robe for 26 gold pieces
 21557 | Orc:2    | Found a roughly hewn altar of Beogh.
 21573 | Orc:2    | Found Xeduq's Antique Weapon Boutique.
 21605 | Orc:2    | Reached skill level 20 in Maces & Flails
 21816 | D:13     | Received a gift from Trog
 21879 | D:13     | Found a frozen archway.
 21916 | IceCv    | Entered an ice cave
 22288 | IceCv    | Got a coiled iron ring
 22290 | IceCv    | Identified the ring of Maofij {Ice rElec Str+5 Slay-2} (You found it in an ice cave)
 22935 | D:13     | Reached skill level 21 in Maces & Flails
 23002 | D:13     | Found a gate to the Vaults.
 23195 | D:13     | Reached XP level 16. HP: 35/172 MP: 7/22
 23485 | D:14     | Noticed Roxanne
 23500 | D:14     | Killed Roxanne
 23514 | D:14     | Identified Roxanne's Catalogue of Transmigration (You took it off Roxanne on level 14 of the Dungeon)
 23755 | D:14     | Hired Usommam the naga for 171 gold.
 23865 | D:14     | Received a gift from Trog
 24217 | D:15     | Entered Level 15 of the Dungeon
 24334 | D:15     | Reached skill level 22 in Maces & Flails
 24339 | D:15     | Noticed Kirke
 24357 | D:15     | Killed Kirke
 24498 | D:15     | Found a staircase to the Depths.
 24925 | D:15     | Drew Focus: Str increased to 27, Int decreased to 5
 25711 | Swamp:1  | Entered Level 1 of the Swamp
 25880 | Swamp:1  | Received a gift from Trog
 25887 | Swamp:1  | Noticed a thorn hunter
 25899 | Swamp:1  | Killed a thorn hunter
 25899 | Swamp:1  | Reached skill level 23 in Maces & Flails
 26005 | Swamp:1  | Noticed Aizul
 26344 | Swamp:1  | Received a gift from Trog
 26959 | Swamp:2  | Received a gift from Trog
 26967 | Swamp:2  | Reached skill level 24 in Maces & Flails
 27085 | Swamp:2  | Noticed a thorn hunter
 27093 | Swamp:2  | Killed a thorn hunter
 27093 | Swamp:2  | Reached XP level 17. HP: 132/180 MP: 7/23
 27229 | Swamp:2  | Reached skill level 1 in Armour
 27978 | Swamp:3  | Got a wizard robe
 27979 | Swamp:3  | Identified the +0 robe of Dogma {rC++ Str+4 Int-2 Stlth+} (You found it on level 3 of the Swamp)
 28732 | Swamp:4  | Entered Level 4 of the Swamp
 28751 | Swamp:4  | Reached skill level 15 in Fighting
 28893 | Swamp:4  | Received a gift from Trog
 29096 | Swamp:4  | Got a decaying rune of Zot
 29208 | Swamp:4  | Received a gift from Trog
 29211 | Swamp:4  | Got a smoking giant club {god gift}
 29216 | Swamp:4  | Identified the +2 giant club "Duikkasy" {crush, MR+} (Trog gifted it to you on level 4 of the Swamp)
 29883 | Spider:1 | Entered Level 1 of the Spider Nest
 30110 | Spider:1 | Reached skill level 5 in Armour
 30263 | Spider:1 | Noticed Frances
 30273 | Spider:1 | Killed Frances
 30639 | Spider:1 | Received a gift from Trog
 30647 | Spider:1 | Got a translucent giant spiked club {god gift}
 30648 | Spider:1 | Identified the +7 giant spiked club "Cemaason" {drain, rElec} (Trog gifted it to you on level 1 of the Spider Nest)
 30696 | Spider:1 | Reached XP level 18. HP: 179/196 MP: 8/24
 31523 | Spider:2 | Noticed Nikola
 31534 | Spider:2 | Killed Nikola
 32091 | Spider:2 | Received a gift from Trog
 33870 | Spider:4 | Entered Level 4 of the Spider Nest
 34078 | Spider:4 | Received a gift from Trog
 34404 | Spider:4 | Received a gift from Trog
 34621 | Spider:4 | Received a gift from Trog
 35291 | Spider:4 | Reached XP level 19. HP: 119/210 MP: 8/25
 35571 | Spider:4 | Got a gossamer rune of Zot
 35594 | Spider:4 | Noticed Arachne
 35617 | Spider:4 | Killed Arachne
 35617 | Spider:4 | Received a gift from Trog
 36533 | Vaults:1 | Entered Level 1 of the Vaults
 36550 | Vaults:1 | Found a magical portal.
 36559 | WizLab   | Entered Zonguldrok's Shrine
 37019 | WizLab   | Noticed an antique lich
 37027 | WizLab   | Killed an antique lich
 37082 | WizLab   | Identified the Reference Book on Nocuous Transformation
 37216 | Vaults:1 | Reached skill level 15 in Dodging
 37447 | Vaults:1 | Received a gift from Trog
 37597 | Vaults:1 | Noticed a lich
 37613 | Vaults:1 | Killed a lich
 38037 | Vaults:1 | Received a gift from Trog
 38067 | Vaults:1 | Identified Sif Muna's Papyrus of Earthen Moulding
 38112 | Vaults:1 | Reached XP level 20. HP: 186/226 MP: 8/26
 38141 | Vaults:1 | Reached skill level 10 in Armour
 38781 | Vaults:1 | Received a gift from Trog
 39265 | Vaults:2 | Received a gift from Trog
 40104 | Vaults:2 | Received a gift from Trog
 40349 | Vaults:2 | Found Gevaec's Magic Scroll Shop.
 41000 | Vaults:2 | Received a gift from Trog
 41221 | Vaults:2 | Received a gift from Trog
 41397 | Vaults:3 | Received a gift from Trog
 41555 | Vaults:3 | Reached XP level 21. HP: 124/239 MP: 9/27
 42282 | Vaults:3 | Received a gift from Trog
 43328 | Vaults:3 | Found a staircase to the Crypt.
 43916 | Vaults:4 | Found a stormy altar of Qazlal.
 43952 | Vaults:4 | Received a gift from Trog
 44106 | Vaults:4 | HP: 9/364 [deep troll[an ironheart preserver] (15)]
 45086 | Vaults:4 | Received a gift from Trog
 45360 | Vaults:4 | Reached XP level 22. HP: 250/254 MP: 9/28
 46428 | Depths:1 | Entered Level 1 of the Depths
 46606 | Depths:1 | Noticed Asterion
 46619 | Depths:1 | Killed Asterion
 46717 | Depths:1 | Received a gift from Trog
 48209 | Depths:1 | Received a gift from Trog
 48441 | Orc:1    | Bought a scroll of enchant armour for 105 gold pieces
 49221 | Depths:2 | Found a one-way gate leading to the halls of Pandemonium.
 49347 | Depths:2 | Found a portal to a secret trove of treasure.
 49466 | Depths:2 | Received a gift from Trog
 49825 | Depths:2 | Noticed a juggernaut
 49829 | Depths:2 | Noticed a golden dragon
 49846 | Depths:2 | Found a runed gate.
 49846 | Depths:2 | Found a runed gate.
 49846 | Depths:2 | Found a runed gate.
 50060 | Depths:2 | Found a runed gate.
 50060 | Depths:2 | Found a runed gate.
 50060 | Depths:2 | Found a runed gate.
 50078 | Depths:2 | Killed a juggernaut
 50078 | Depths:2 | Reached XP level 23. HP: 232/269 MP: 9/29
 50086 | Depths:2 | Killed a golden dragon
 50142 | Depths:2 | Identified the Grimoire of Conjuration
 50146 | Depths:2 | Got a heavily runed copper amulet
 50147 | Depths:2 | Identified the amulet "Guecuts" {+Rage rN+ Str-2 Int+3} (You found it on level 2 of the Depths)
 50233 | Depths:2 | Cast into level 3 of the Abyss (a wizard)
 50254 | Abyss:3  | Found a corrupted altar of Lugonu.
 50294 | Abyss:3  | Found a corrupted altar of Lugonu.
 50377 | Abyss:3  | Found a corrupted altar of Lugonu.
 50509 | Abyss:3  | Got an abyssal rune of Zot
 50647 | Abyss:3  | Received a gift from Trog
 50815 | Depths:2 | Escaped the Abyss
 51326 | Depths:3 | Found a one-way gate to the infinite horrors of the Abyss.
 52014 | Depths:3 | Received a gift from Trog
 52106 | Depths:3 | Noticed Mennas
 52128 | Depths:3 | Killed Mennas
 52363 | Depths:3 | Reached skill level 15 in Armour
 52903 | Depths:3 | Reached XP level 24. HP: 282/282 MP: 9/29
 53284 | Depths:4 | Received a gift from Trog
 54970 | Depths:4 | Noticed an iron giant
 54986 | Depths:4 | Killed an iron giant
 55573 | Depths:4 | Noticed a juggernaut
 55577 | Depths:4 | Killed a juggernaut
 55606 | Depths:4 | Noticed a caustic shrike
 55612 | Depths:4 | Killed a caustic shrike
 55680 | Depths:4 | Got a slimy blowgun
 55681 | Depths:4 | Identified the +5 blowgun of the Stoat {speed, +Fly rElec rC+ Int+3 Dex-5} (You found it on level 4 of the Depths)
 56076 | Depths:5 | Entered Level 5 of the Depths
 56118 | Depths:5 | Reached XP level 25. HP: 210/291 MP: 9/29
 56277 | Depths:5 | Found a gateway to a ziggurat.
 56337 | Depths:5 | Found a sparkling altar of Nemelex Xobeh.
 56337 | Depths:5 | Found a bloodstained altar of Trog.
 56338 | Depths:5 | Found an oddly glowing altar of Pakellas.
 56569 | Depths:5 | Received a gift from Trog
 56963 | Depths:5 | Received a gift from Trog
 57168 | Depths:5 | Noticed a juggernaut
 57176 | Depths:5 | Killed a juggernaut
 57295 | Depths:5 | Noticed an iron giant
 57319 | Depths:5 | Killed an iron giant
 57774 | Depths:5 | Received a gift from Trog
 57918 | Depths:5 | Received a gift from Trog
 57930 | Depths:5 | Identified Vehumet's Compendium of Conjuration
 58265 | Depths:5 | Received a gift from Trog
 58714 | Depths:5 | Found a gate to the Realm of Zot.
 58801 | Zot:1    | Entered Level 1 of the Realm of Zot
 58864 | Zot:1    | Reached XP level 26. HP: 287/300 MP: 9/29
 59305 | Zot:1    | Gained mutation: You have a pair of small antennae on your head. [potion of beneficial mutation]
 59580 | Zot:2    | Noticed an orb of fire
 59588 | Zot:2    | Killed an orb of fire
 59902 | Zot:2    | Received a gift from Trog
 60209 | Zot:2    | Noticed a shard shrike
 60218 | Zot:2    | Slain by a shard shrike

Vault maps used:
D:1:      tarquinn_simple_flora_water_d, hangedman_decor_lopped
D:2:      uniq_robin
D:3:      first_bread, uniq_sigmund
D:4:      grunt_decor_fettered, nrook_loot_triangle
D:5:      old_standard_altar, vehumet_altar_wand_db
D:6:      kennysheep_mini, uniq_pikel
D:7:      temple_green, uniq_menkaure
D:8:      uniq_erolcha, uniq_psyche, uniq_grum
D:9:      uniq_erica, uniq_prince_ribbit1
D:10:     dpeg_oklobed_lair, orc_0_dummy, uniq_josephine, uniq_snorg
D:12:     grunt_tengu_nest, uniq_azrael
D:13:     david_vaults_5, portal_ice_cave_entry_ice_beasts
D:14:     minivault_19, uniq_roxanne
D:15:     gammafunk_depths_entry_grave, serial_curves, eino_curves_03,
          eino_curves_02, uniq_kirke
Lair:2:   nicolae_quartered_pool_super
Lair:3:   cheibrodos_lair_reptile_den
Lair:4:   infiniplex_staircase_pool, grunt_megastairs_5
Lair:5:   swamp_mist_pool, special_room, grunt_megastairs_1
Lair:6:   nicolae_spider_entry_non_spiders
Lair:7:   minmay_lindwurm_lava
Lair:8:   evil_forest, slime_dummy, grunt_megastairs_4
Swamp:1:  serial_swamp_ruin, evilmike_swamp_ruin_wall,
          evilmike_swamp_ruin_house_5, evilmike_swamp_ruin_house_1, uniq_aizul
Swamp:2:  evilmike_swamp_ruin_house_4, st_swamp_mini
Swamp:3:  evilmike_swamp_ruin_house_6
Swamp:4:  swamp_alternative, swamp_pool1, hangedman_swamp_cone
Spider:1: spider_trap, uniq_frances
Spider:2: hangedman_spider_tarantella_strand, uniq_nikola
Spider:4: johnstein_spider_rune_arachne_lair, spider_trap, hive_lemuel
Orc:1:    enter_bailey_3, serial_shops, nicolae_shop_statue_plus, basic_altar,
          led_sif_book
Orc:2:    grunt_orc_community_town_hall, grunt_orc_community_big_house_2,
          grunt_orc_community_big_house_2, grunt_orc_community_house_2,
          grunt_orc_community_house_2, grunt_orc_community_house_3,
          grunt_orc_community_house_3, grunt_orc_community_house_3,
          grunt_orc_community_house_2, uniq_sonja, uniq_saint_roka
Vaults:1: dpeg_vaults_pockets_of_resistance, vaults_room_stairs_pillars,
          grunt_vaults_focal, v_misc_12, v_misc_22, grunt_vaults_bifocal,
          vaults_room_large_hall, v_alt_pattern_1, vaults_dpeg_diagonal,
          ontoclasm_vaults_chip, hangedman_vaults_slice,
          vaults_standard_mumra_x, mu_enter_wizlab_6
Vaults:2: ontoclasm_vaults_decontamination, nicolae_vaults_big_ls,
          dpeg_vaults_monster_doublerow, nicolae_vaults_little_squares_6,
          hangedman_vaults_locks, vaults_room_boxed,
          nicolae_vaults_stairing_the_circle, grunt_vaults_hallway_long,
          v_misc_9, hangedman_vaults_impose, v_misc_5, ontoclasm_vaults_hangar,
          vaults_mumra_lcd, nicolae_vaults_shelves_hall, serial_shops, shop
Vaults:3: st_lines, ontoclasm_vaults_shuriken,
          minmay_crypt_entry_skeletal_spiral, v_misc_33, v_alt_pattern_5,
          vaults_room_pool, hangedman_vaults_river_flow, vaults_room_large_hall,
          dpeg_vaults_monster_box, v_rooms_2, hangedman_vaults_trim
Vaults:4: nicolae_vaults_murderbox, nicolae_vaults_twisting_passages,
          v_alt_pattern_4, vaults_room_fancy_cross, v_misc_30,
          grunt_vaults_diagonal, ontoclasm_vaults_eye, nicolae_vaults_rhombus_6,
          basic_altar
Depths:1: kennysheep_doodads, lightli_too_deep, roderic_curled_sauvastika,
          minmay_fountain_box, minmay_metal_thing, uniq_asterion
Depths:2: kennysheep_treasure_stockpile, hell_entry, rand_demon_pan_entry_8,
          minmay_holes, enter_trove_5, infiniplex_staircase_trident
Depths:3: minmay_blocking_statues, grunt_hell_entry_dis_mu, pan_entry,
          abyss_entry, nrook_mini_backslash, minmay_splitting_lines, uniq_mennas
Depths:4: kennysheep_snake, minmay_misc_feat_secret_circle, abyss_entry_crystal,
          hell_entry, lemuel_old_faithful, serial_bayou_shore_b,
          minmay_staircase_bubble, serial_bayou_shore_b
Depths:5: hangedman_slaughterboxes, pan_entry, hell_entry
Zot:2:    minmay_elemental_castle, stair_cage_line
Abyss:3:  hangedman_abyss_rune_flesh_and_stone
Bailey:   bailey_polearm_4, bailey
IceCv:    ice_cave_small_dragons
WizLab:   wizlab_zonguldrok

Action                   |  1- 3 |  4- 6 |  7- 9 | 10-12 | 13-15 | 16-18 | 19-21 | 22-24 | 25-27 || total
-------------------------+-------+-------+-------+-------+-------+-------+-------+-------+-------++-------
Melee: Mace              |    97 |    57 |       |       |       |       |       |       |       ||   154
       Flail             |       |    53 |   136 |       |       |       |       |       |       ||   189
       Whip              |       |       |    60 |       |       |       |       |       |       ||    60
       Giant club        |       |       |       |   347 |   476 |       |       |       |       ||   823
       Giant spiked club |       |       |       |       |   329 |   908 |  1060 |  1010 |   402 ||  3709
 Fire: Hunting sling     |       |     2 |       |       |       |       |       |       |       ||     2
Throw: Stone             |    18 |    63 |    16 |       |       |       |       |       |       ||    97
       Tomahawk          |       |       |    82 |   157 |       |       |       |       |       ||   239
       Javelin           |       |       |       |    42 |   444 |    94 |    94 |    20 |       ||   694
       Large rock        |       |       |       |    17 |   140 |   302 |   233 |   445 |   183 ||  1320
Invok: Berserk           |     2 |     3 |     5 |     6 |     8 |     8 |     6 |     5 |     4 ||    47
       Trog's Hand       |       |       |     1 |     2 |     3 |     3 |     6 |     8 |     1 ||    24
       Brothers in Arms  |       |       |       |       |     4 |     7 |    10 |    13 |     2 ||    36
Evoke: Wand              |       |       |       |       |     3 |    17 |     1 |     2 |     1 ||    24
       Deck              |       |       |       |       |       |     5 |       |     3 |       ||     8
       Fan of gales      |       |       |       |       |       |       |       |     1 |       ||     1
  Use: Scroll            |       |     6 |     7 |     4 |    27 |     7 |     8 |    12 |     5 ||    76
       Potion            |       |     1 |       |       |     3 |     1 |     5 |     2 |     3 ||    15
 Stab: Sleeping          |       |     2 |     1 |     4 |     6 |     4 |     4 |     1 |       ||    22
       Distracted        |       |       |       |     1 |     3 |     3 |     6 |     3 |       ||    16
  Eat: Chunk             |     1 |    11 |    13 |    27 |    43 |    39 |    34 |    41 |    16 ||   225
       Pizza             |       |       |     1 |       |     2 |     2 |       |     1 |       ||     6
       Beef jerky        |       |       |       |       |       |     1 |     1 |       |       ||     2
       Meat ration       |       |       |       |       |       |     1 |     1 |       |       ||     2
       Fruit             |       |       |       |       |       |       |       |       |     1 ||     1
